 Dungeon Crawl Stone Soup version 0.30-a0-881-g1ff12e1e11 (webtiles) character file.

Game seed: 3422613860692437880

1730702 Lobster4 the Merry Minotaur (level 27, 245/245 HPs)
             Began as a Minotaur Hunter on Mar 13, 2023.
             Was the Champion of Hepliaklqana.
             Escaped with the Orb
             ... and 3 runes on Mar 15, 2023!
             The game lasted 04:29:13 (66718 turns).

Lobster4 the Merry Minotaur (Minotaur Hunter)      Turns: 66718, Time: 04:29:13

Health: 245/245    AC: 29    Str: 22    XL:     27
Magic:  36/36      EV: 26    Int:  6    God:    Hepliaklqana [******]
Gold:   9126       SH: 12    Dex: 27    Spells: 29/38 levels left

rFire   + . .      SeeInvis +    b - +7 hand crossbow (freeze)
rCold   + + .      Faith    .    c - +3 warlock's mirror {omnireflect}
rNeg    + . .      Spirit   .    X - +2 faerie dragon scales {rElec rPois rCorr}
rPois   +          Reflect  +    r - +2 hat
rElec   +          Rampage  .    P - +4 dragonskin cloak
rCorr   +                        S - +2 pair of gloves {Str+3}
Will    ++++.                    U - +3 pair of boots of Osyet {rPois rN+ Will++ Regen+}
Stlth   +++                      M - amulet of regeneration
HPRegen 2.20/turn                W - ring "Ugeivoca" {rC+ Dex+2 Stlth+}
MPRegen 0.25/turn                x - ring of Xedorih {rF+ SInv Stlth+}

@: hasted, studying 2 skills, very quick
A: reduced essence, horns 2, retaliatory headbutt, cold resistance 1, deformed
body, high MP 1, noise suppression
0: Orb of Zot
}: 3/15 runes: serpentine, barnacled, silver
a: Renounce Religion, Recall Ancestor, Ancestor Identity, Transference, Idealise


You escaped.
You worshipped Hepliaklqana.
Hepliaklqana was exalted by your worship.
You visited 13 branches of the dungeon, and saw 57 of its levels.
You also visited: Trove, Sewer, Ossuary and Ice Cave.

You collected 9643 gold pieces.
You spent 517 gold pieces at shops.

Inventory:

Hand Weapons
 a - the +3 sling of Action {heavy, rF+ rC+}
   (You found it on level 4 of the Dungeon)

   rF:        It protects you from fire.
   rC:        It protects you from cold.
 b - a +7 hand crossbow of freezing (weapon)
 n - the +9 short sword of the Fresh God {freeze, rF+ rC+}
   (You found it on level 5 of the Vaults)

   rF:        It protects you from fire.
   rC:        It protects you from cold.
 J - the +9 shortbow of Impeachment {freeze, rN+}
   (You found it on level 1 of the Shoals)

   rN:        It protects you from negative energy.
Missiles
 B - 2 throwing nets
Armour
 c - the +3 warlock's mirror (worn) {omnireflect}
   (You found it in a treasure trove)

   Omnireflect: It can block and reflect piercing ranged attacks and magical
   attacks against the wielder's willpower.
 r - a +2 hat (worn)
 P - the +4 dragonskin cloak (worn)
   (You took it off Tiamat on level 2 of the Realm of Zot)

   Avatar's Aegis: It grants the wearer a chance to resist fire, cold, poison,
   electricity, acid, and negative energy.
 S - a +2 pair of gloves of strength (worn)
 U - the +3 pair of boots of Osyet (worn) {rPois rN+ Will++ Regen+}
   (You found it on level 10 of the Dungeon)

   rPois:     It protects you from poison.
   rN:        It protects you from negative energy.
   Regen:     It increases your rate of health regeneration.
   Will:      It greatly increases your willpower.
 V - the +3 leather armour "Vaxem" {rF+ Will+ Str+2 Dex+3}
   (You found it on level 4 of the Shoals)

   Str:       It affects your strength (+2).
   Dex:       It affects your dexterity (+3).
   rF:        It protects you from fire.
   Will:      It increases your willpower.
 X - the +2 faerie dragon scales (worn) {rElec rPois rCorr}
   (You took it off the Enchantress on level 4 of the Depths)

   rElec:     It insulates you from electricity.
   rPois:     It protects you from poison.
   rCorr:     It protects you from acid and corrosion.
Jewellery
 h - a ring of flight
 x - the ring of Xedorih (right hand) {rF+ SInv Stlth+}
   (You found it on level 2 of the Lair of Beasts)

   [ring of see invisible]

   rF:        It protects you from fire.
   SInv:      It lets you see invisible.
   Stlth:     It makes you more stealthy.
 M - an amulet of regeneration (around neck)
 Q - a ring of resist corrosion
 W - the ring "Ugeivoca" (left hand) {rC+ Dex+2 Stlth+}
   (You found it on level 1 of the Snake Pit)

   [ring of protection from cold]

   Dex:       It affects your dexterity (+2).
   rC:        It protects you from cold.
   Stlth:     It makes you more stealthy.
Wands
 f - a wand of polymorph (7)
 p - a wand of roots (48)
 t - a wand of digging (24)
 u - a wand of flame (117)
 v - a wand of acid (17)
 A - a wand of paralysis (52)
 D - a wand of mindburst (39)
Scrolls
 d - 2 scrolls of fear
 g - 12 scrolls of fog
 m - 2 scrolls of poison
 q - 3 scrolls of magic mapping
 w - a scroll of blinking
 E - a scroll of butterflies
 G - a scroll of immolation
 H - 2 scrolls of teleportation
 K - 11 scrolls of enchant armour
 L - a scroll of silence
Potions
 e - 20 potions of curing
 i - 10 potions of lignification
 j - 8 potions of mutation
 k - 2 potions of haste
 l - 3 potions of cancellation
 o - 3 potions of heal wounds
 C - 5 potions of might
 F - 10 potions of flight
 O - 3 potions of resistance
 R - 3 potions of berserk rage
 T - 14 potions of ambrosia
 Y - a potion of invisibility
 Z - 8 potions of brilliance
Miscellaneous
 s - a tin of tremorstones (2/2)
 y - a condenser vane
 z - a phantom mirror
 N - a lightning rod (4/4)


   Skills:
 O Level 27 Fighting
 - Level 3.3(4.0) Short Blades
 - Level 3.2(4.1) Long Blades
 O Level 27 Ranged Weapons
 - Level 1.0 Throwing
 + Level 25.9 Armour
 - Level 15.0 Dodging
 - Level 10.0 Stealth
 - Level 13.0 Shields
 - Level 6.0 Spellcasting
 + Level 8.6 Hexes
 - Level 12.0 Translocations
 - Level 15.0 Invocations
 - Level 3.0 Evocations


You had 29 spell levels left.
You knew the following spells:

 Your Spells              Type           Power      Damage    Failure   Level
a - Blink                 Tloc           32%        N/A       1%          2
b - Teleport Other        Tloc           16%        N/A       1%          3
c - Apportation           Tloc           32%        N/A       1%          1
d - Portal Projectile     Hex/Tloc       28%        N/A       1%          3

Your spell library contained the following spells:

 Spells                   Type           Power      Damage    Failure   Level
 Lesser Beckoning         Tloc           32%        N/A       1%          2
 Gell's Gravitas          Tloc           16%        N/A       1%          3
 Manifold Assault         Tloc           16%        N/A       2%          4
 Confusing Touch          Hex            12%        N/A       3%          3
 Tukima's Dance           Hex            12%        N/A       3%          3
 Ensorcelled Hibernation  Hex/Ice        12%        N/A       9%          2
 Vhi's Electric Charge    Tloc/Air       18%        N/A       9%          3
 Cause Fear               Hex            6%         N/A       10%         4
 Dazzling Flash           Conj/Hex       12%        N/A       19%         3
 Inner Flame              Hex/Fire       6%         N/A       19%         3
 Summon Guardian Golem    Hex/Summ       6%         N/A       19%         3
 Kindle Blastsparks       Fire/Tloc/Air  12%        2d11      21%         3
 Beastly Appendage        Tmut           2%         N/A       34%         1
 Kiss of Death            Conj/Necr      4%         2d5       34%         1
 Magic Dart               Conj           4%         1d3       34%         1
 Necrotise                Necr           4%         1d4       34%         1
 Sting                    Tmut/Pois      4%         1d3       34%         1
 Summon Small Mammal      Summ           4%         N/A       34%         1
 Dispersal                Tloc           8%         N/A       36%         6
 Call Imp                 Summ           1%         N/A       45%         2
 Cigotuvi's Dreadful Rot  Necr/Pois/Air  2%         N/A       45%         2
 Poisonous Vapours        Pois/Air       2%         N/A       45%         2
 Scorch                   Fire           2%         2d5       45%         2
 Searing Ray              Conj           2%         2d4       45%         2
 Static Discharge         Conj/Air       2%         2-3/arc   45%         2
 Sublimation of Blood     Necr           1%         N/A       45%         2
 Wereblood                Tmut           1%         N/A       45%         2
 Anguish                  Hex/Necr       3%         N/A       52%         4
 Fulminant Prism          Conj/Hex       3%         3d5       52%         4
 Leda's Liquefaction      Hex/Erth       3%         N/A       52%         4
 Call Canine Familiar     Summ           1%         N/A       71%         3
 Hailstorm                Conj/Ice       1%         3d3       71%         3
 Ignite Poison            Fire/Tmut/Pois 1%         N/A       71%         3
 Mephitic Cloud           Conj/Pois/Air  1%         N/A       71%         3
 Ozocubu's Armour         Ice            1%         N/A       71%         3
 Spider Form              Tmut/Pois      1%         N/A       71%         3
 Stone Arrow              Conj/Erth      2%         3d7       71%         3
 Metabolic Englaciation   Hex/Ice        3%         N/A       86%         5
 Silence                  Hex/Air        3%         N/A       86%         5
 Yara's Violent Unravell  Hex/Tmut       3%         3d4       86%         5
 Airstrike                Air            0%         2d(1-17)  98%         4
 Animate Armour           Summ/Erth      2%         N/A       98%         4
 Animate Dead             Necr           1%         N/A       98%         4
 Dispel Undead            Necr           1%         3d6       98%         4
 Flame Wave               Conj/Fire      1%         2d4       98%         4
 Ice Form                 Ice/Tmut       1%         N/A       98%         4
 Olgreb's Toxic Radiance  Pois           1%         N/A       98%         4
 Petrify                  Tmut/Erth      1%         N/A       98%         4
 Sticky Flame             Conj/Fire      1%         2d3       98%         4
 Summon Ice Beast         Ice/Summ       1%         N/A       98%         4
 Summon Lightning Spire   Summ/Air       1%         N/A       98%         4
 Agony                    Necr           1%         N/A       100%        5
 Alistair's Intoxication  Tmut/Pois      0%         N/A       100%        5
 Arcjolt                  Conj/Air       0%         1d10      100%        5
 Blade Hands              Tmut           0%         N/A       100%        5
 Borgnjor's Vile Clutch   Necr/Erth      0%         N/A       100%        5
 Freezing Cloud           Conj/Ice/Air   0%         6-21      100%        5
 Irradiate                Conj/Tmut      0%         3d11      100%        5
 Lightning Bolt           Conj/Air       0%         1d11      100%        5
 Death Channel            Necr           0%         N/A       100%        6
 Simulacrum               Ice/Necr       0%         N/A       100%        6
 Statue Form              Tmut/Erth      0%         N/A       100%        6
 Summon Cactus Giant      Summ           0%         N/A       100%        6
 Enfeeble                 Hex            6%         N/A       100%        7
 Storm Form               Tmut/Air       0%         N/A       100%        7
 Summon Hydra             Summ           0%         N/A       100%        7
 Discord                  Hex            6%         N/A       100%        8
 Disjunction              Tloc           8%         N/A       100%        8
 Ignition                 Fire           0%         3d3       100%        8
 Lehudib's Crystal Spear  Conj/Erth      0%         10d2      100%        8
 Maxwell's Capacitive Co  Air            0%         ∞         100%        8
 Polar Vortex             Ice            0%         N/A       100%        9


Dungeon Overview and Level Annotations

Branches:
Dungeon (15/15)            Temple (1/1) D:7            Lair (5/5) D:10
 Shoals (4/4) Lair:3        Snake (4/4) Lair:2        Slime (5/5) Lair:4
    Orc (2/2) D:12            Elf (3/3) Orc:2        Vaults (5/5) D:13
  Crypt (3/3) Vaults:2       Tomb (1/3) Crypt:3      Depths (4/4) D:15
    Zot (5/5) Depths:4      Sewer (visited)         Ossuary (visited)
  IceCv (visited)

Altars:
Ashenzari
Cheibriados
Dithmenos
Elyvilon
Fedhas
Gozag
Hepliaklqana
Kikubaaqudgha
Makhleb
Nemelex Xobeh
Okawaru
Qazlal
Ru
Sif Muna
Trog
Uskayaw
Vehumet
Wu Jian
Xom
Yredelemnul
Zin
The Shining One
Jiyva
Lugonu

Shops:
D:1 *   D:6 [   D:10 =   Orc:2 *[:(   Elf:1 :   Shoals:1 !   Snake:1 (
Snake:4 :   Vaults:1 (   Vaults:4 (   Depths:1 =[(

Portals:
Hell: Depths:1 Depths:2 Depths:3 Depths:4
Abyss: Shoals:1 Depths:3
Pandemonium: Depths:2
Ziggurat: Depths:1

Annotations:
Snake:2 Mlioglotl
Slime:3 exclusion: downstairs
Slime:5 Royal Jelly
Depths:3 Parghit


Innate Abilities, Weirdness & Mutations

Your life essence is reduced to manifest your ancestor. (-10% HP)
You have a pair of horns on your head.
You reflexively headbutt those who attack you in melee.
Your flesh is cold resistant. (rC+)
Armour fits poorly on your strangely shaped body.
You have an increased reservoir of magic. (+10% MP)
You passively dampen the noise of your surroundings.


Message History

The Executioner completely misses you. x2; You furiously retaliate!
You headbutt the Executioner! The Executioner barely misses you. x2
The Executioner attacks as you move away!
The Executioner hits you but does no damage. x2
The Executioner barely misses you. The Executioner hits you!
You block the Executioner's attack. x2
Bolek completely misses the large abomination.
The Executioner misses you. You furiously retaliate!
You headbutt the Executioner, but do no damage.
The Executioner hits you but does no damage.
The Executioner closely misses you. The Executioner misses you.
The Executioner hits you. The Executioner completely misses you.
You block the Executioner's attack.
The Executioner hits you but does no damage. x2
The Executioner attacks as you move away!
You block the Executioner's attack. x2
The Executioner hits you but does no damage.
The Executioner misses you. You furiously retaliate!
You headbutt the Executioner!
The Executioner hits you but does no damage.
The Executioner misses you. The Executioner completely misses you.
You block the Executioner's attack. The Executioner hits you.
The Executioner hits you but does no damage.
The Executioner completely misses you. You block the Executioner's attack.
Something hits Bolek!!
You block the Executioner's attack. x2; The Executioner misses you.
The Executioner attacks as you move away!
The Executioner hits you but does no damage.
The Executioner misses you. You block the Executioner's attack.
The Executioner hits you! The Executioner completely misses you.
The Executioner barely misses you.
You shoot a bolt. The bolt hits the Executioner!!!
The bolt freezes the Executioner.
You kill the Executioner!
There is a stone staircase leading down here.
There is an open door here.
There is a staircase leading out of the dungeon here.
You have escaped!

###
#############.##############
#..............#............
##.##########.##.#######....
#.##########.##.# #......
#.##~PP...@#.##.# #.#.##.
#.##...R####.##.# #.#.##.
#.##PPP.≈≈~#.##.# #.#.##.
#.##≈≈P.~..#.##.#####.#....
#.##~P..~P~#.##............
#.##~~.~.PR#.##..####.#....
#.##≈.~.~.~#.##..####.#####
#.##+#####'#...............
#.##.........#..#####.#####


You could see the friendly Bolek the knight (fast, reflecting).

Vanquished Creatures
  Tiamat (Zot:2)
  9 dread liches
  Khufu (Crypt:1)
  3 orbs of fire (Zot:5)
  5 ancient liches
  Sojobo (Vaults:5)
  2 royal mummies (Tomb:1)
  Bai Suzhen (Snake:3)
  Vashnia (Snake:4)
  3 Killer Klowns (Zot:5)
  A caustic shrike (Depths:2)
  the Enchantress (Depths:4)
  3 golden dragons
  Nikola (Depths:2)
  2 electric golems (Zot:5)
  A doom hound (Depths:1)
  A shard shrike zombie (Crypt:3)
  11 tentacled monstrosities
  2 hellephants (Depths:1)
  Zenata (Crypt:2)
  20 Orb Guardians (Zot:5)
  A titan (Vaults:5)
  Rupert (D:13)
  4 liches
  A shard shrike skeleton (Crypt:1)
  3 deep elf blademasters
  6 quicksilver dragons
  An Executioner (D:1)
  Frances (D:13)
  17 acid blobs
  8 death cobs
  Agnes (D:14)
  10 sphinxes
  7 ancient champions
  9 storm dragons
  9 tengu reavers
  7 shadow dragons
  2 revenants
  A draconian monk (Zot:4)
  Donald (Elf:2)
  3 draconian knights
  5 azure jellies
  7 fire giants
  3 rockslimes
  3 nagarajas (Snake:4)
  A deep elf sorcerer (Elf:3)
  3 frost giants
  9 vault wardens
  An iron dragon (Depths:3)
  9 draconian shifters
  Louise (Elf:2)
  6 draconian scorchers
  3 curse skulls
  12 ironbound preservers
  2 ghost moths
  Aizul (Snake:1)
  4 draconian stormcallers
  3 spriggan defenders
  4 deep elf elementalists (Elf:3)
  2 draconian annihilators
  5 very ugly things
  2 ghouls (Crypt:1)
  4 orc warlords
  8 ironbound thunderhulks
  8 quicksilver oozes
  8 vampire knights
  2 deep elf demonologists (Elf:3)
  10 black draconians
  9 stone giants
  5 green draconians
  A minotaur (Shoals:4)
  6 white draconians
  6 spark wasps
  10 purple draconians
  6 red draconians
  9 yellow draconians
  9 deep elf annihilators
  A bennu (Tomb:1)
  11 ettins
  A crystal guardian (Vaults:4)
  2 deep elf death magi
  6 mummy priests (Tomb:1)
  6 deep elf high priests
  7 yaktaur captains
  The ghost of mandoloar the Destroyer, a journeyman GnCj of Vehumet (Lair:2)
  2 merfolk impalers
  9 jiangshi
  A merfolk javelineer (Shoals:4)
  Fannar (D:10)
  5 fire dragons
  10 great orbs of eyes
  A peacekeeper (Vaults:4)
  4 ice dragons
  A hell beast (D:4)
  A spriggan zombie (Depths:2)
  3 catoblepae (Lair:5)
  4 hydras
  A rakshasa (Depths:1)
  5 spriggan air magi
  2 alligator snapping turtles (Shoals:4)
  11 centaur warriors
  25 vault guards
  8 anacondas
  2 ogre magi
  5 ironbound frosthearts
  An anaconda (shapeshifter) (Vaults:4)
  3 boulder beetles
  3 death knights
  11 two-headed ogres
  5 death yaks (Lair:5)
  5 deep troll earth magi
  3 deep troll shamans
  8 satyrs (Shoals:4)
  30 dancing weapons
  4 naga warriors
  4 tengu warriors
  3 vampire magi
  A thrashing horror (Shoals:1)
  4 orc high priests
  12 death scarabs (Tomb:1)
  3 sun demons
  11 naga sharpshooters
  5 shock serpents
  2 spriggan berserkers
  3 skysharks
  2 iron trolls
  Sonja (Lair:4)
  9 deep elf knights
  2 spriggans (Depths:4)
  2 golden dragon zombies
  2 salamander mystics
  A shadow wraith (Vaults:2)
  A sixfirhy (D:5)
  3 flayed ghosts
  13 sea snakes
  23 skeletal warriors
  A goliath frog (shapeshifter) (Vaults:4)
  3 glowing orange brains
  A glowing orange brain (shapeshifter) (Vaults:5)
  30 deep trolls
  2 bog bodies (Crypt:1)
  9 lindwurms
  8 deep elf archers
  3 naga ritualists
  A lindwurm (shapeshifter) (Vaults:5)
  8 wizards
  14 harpies
  Pikel (D:6)
  4 necromancers
  A fenstrider witch simulacrum (Crypt:3)
  12 orc knights
  A wolf spider zombie (Crypt:3)
  A bunyip skeleton (Crypt:2)
  12 ironbound convokers
  11 fauns
  9 phantasmal warriors
  18 deep elf zephyrmancers
  A frost giant zombie (Depths:1)
  7 shining eyes
  10 mana vipers
  A wolf spider (D:15)
  A shadow dragon skeleton (Crypt:3)
  3 orc sorcerers (Orc:2)
  23 deep elf pyromancers
  7 salamanders
  11 manticores
  A faun (shapeshifter) (Vaults:4)
  5 cyclopes
  A fire giant zombie (Vaults:3)
  21 ugly things
  A frost giant skeleton (Vaults:5)
  2 merfolk sirens
  8 elephants
  An ice statue (IceCv)
  31 black mambas
  13 moths of wrath
  A guardian serpent (Snake:3)
  11 vault sentinels
  9 cane toads
  A torpor snail (shapeshifter) (Depths:2)
  A smoke demon (Depths:2)
  An apocalypse crab (Shoals:1)
  3 water nymphs
  10 naga magi
  A yellow draconian zombie (Crypt:2)
  A centaur skeleton (Crypt:2)
  Maggie (D:6)
  An alligator snapping turtle zombie (Crypt:2)
  A cane toad (shapeshifter) (Vaults:5)
  2 rime drakes
  A naga zombie (Crypt:2)
  11 komodo dragons
  A pale draconian zombie (Crypt:1)
  A hellion (D:3)
  3 unseen horrors
  6 freezing wraiths
  2 anaconda simulacra (IceCv)
  2 kobold demonologists (D:12)
  An alligator snapping turtle skeleton (Crypt:1)
  13 ice devils
  9 yaktaurs
  An efreet (D:14)
  An iron troll zombie (Crypt:3)
  2 tengu conjurers
  10 guardian mummies
  A merfolk (shapeshifter) (Depths:2)
  2 red devils (Depths:2)
  A hornet (Depths:4)
  18 merfolk
  6 trolls
  An ancient zyme (Shoals:1)
  A queen bee (shapeshifter) (D:12)
  2 meliai (D:13)
  2 polar bears
  2 tarantellas (shapeshifter)
  Grinder (D:6)
  A wind drake (Shoals:2)
  Prince Ribbit (D:6)
  3 dream sheep (Lair:3)
  4 blink frogs (Lair:3)
  An ettin zombie (Tomb:1)
  A large abomination (Shoals:1)
  4 snapping turtles
  74 slime creatures
  A centaur simulacrum (D:14)
  2 culicivoras (shapeshifter)
  14 flying skulls
  A dire elephant simulacrum (IceCv)
  An ettin skeleton (Crypt:2)
  3 water elementals
  An air elemental (Elf:1)
  2 shadows
  50 yaks
  6 wraiths
  A wyvern (Lair:5)
  A hog (D:13)
  An alligator snapping turtle simulacrum (Crypt:3)
  7 basilisks
  A black mamba skeleton (Crypt:2)
  9 vampire mosquitoes
  14 golden eyes
  A chaos spawn (Depths:2)
  12 humans (D:13)
  Grum (D:9)
  A yaktaur simulacrum (Vaults:5)
  4 wargs
  2 harpy simulacra (IceCv)
  Edmund (D:6)
  24 nagas
  A skyshark zombie (Crypt:3)
  2 hydra simulacra (IceCv)
  10 water moccasins
  2 acid dragons
  A floating eye (Zot:2)
  A demonspawn skeleton (Crypt:3)
  30 orc warriors
  3 black bears
  An ettin simulacrum (Vaults:3)
  2 sky beasts
  3 ice beasts
  6 boggarts
  A small abomination (Shoals:1)
  8 ogres
  10 centaurs
  7 wolves
  2 kobold brigands (D:9)
  9 bullfrogs
  2 earth elementals
  A wyvern zombie (D:7)
  3 necrophages
  A water moccasin zombie (D:7)
  3 scorpions
  6 cane toad simulacra (IceCv)
  A wight (D:7)
  5 elephant simulacra (IceCv)
  11 killer bees
  3 howler monkeys
  2 electric eels
  A human simulacrum (Vaults:3)
  A bullfrog zombie (D:7)
  2 lava snakes (Lair:2)
  4 hounds
  A human zombie (D:7)
  4 centaur zombies
  9 jellies
  8 orc priests
  Crazy Yiuf (D:3)
  3 sleepcaps
  7 human skeletons (Vaults:4)
  2 gnoll boudas (D:7)
  A scorpion zombie (Crypt:2)
  14 orc wizards
  5 polar bear simulacra (IceCv)
  6 hell rats (Lair:5)
  4 spriggan simulacra
  2 wolf simulacra (IceCv)
  A killer bee zombie (D:7)
  25 mummies
  16 gnolls
  11 adders
  3 river rats (D:4)
  3 shadow imps
  A white imp (IceCv)
  An adder zombie (Ossuary)
  A worm (D:3)
  2 dart slugs
  44 orcs
  13 ball pythons
  6 endoplasms
  15 giant cockroaches
  8 goblins
  9 hobgoblins
  2 jackals (D:4)
  8 quokkas
  A bat (D:3)
  12 frilled lizards
  3 goblin zombies
  16 hobgoblin zombies (Ossuary)
  A jackal zombie (Ossuary)
  19 kobolds
  7 kobold zombies (Ossuary)
  5 orc zombies (Ossuary)
  3 rats
  3 rat zombies (Ossuary)
1811 creatures vanquished.

Vanquished Creatures (collateral kills)
  7 dread liches
  An ancient lich (Vaults:5)
  A Killer Klown (Zot:5)
  A royal mummy (Tomb:1)
  Saint Roka (Crypt:2)
  A curse toe (Zot:5)
  3 golden dragons
  2 bone dragons
  3 tentacled monstrosities
  2 titans
  6 Orb Guardians
  A deep elf blademaster (Elf:3)
  A deep elf master archer (Depths:1)
  A walking divine tome (Depths:3)
  A quicksilver dragon (Zot:5)
  6 acid blobs (Slime:5)
  An acid blob (shapeshifter) (Vaults:5)
  8 sphinxes
  3 death cobs
  A tengu reaver (Depths:2)
  6 shadow dragons
  A draconian monk (Zot:2)
  Kirke (D:13)
  3 revenants
  3 nagarajas (Snake:4)
  3 storm dragons
  3 draconian knights
  A rockslime (Slime:2)
  An azure jelly (Slime:4)
  A fire giant (Depths:4)
  3 deep elf sorcerers (Elf:3)
  3 frost giants
  2 iron dragons
  3 draconian scorchers
  4 deep elf elementalists (Elf:3)
  5 vault wardens
  A draconian shifter (Zot:2)
  6 ironbound preservers
  A draconian stormcaller (Zot:5)
  A quicksilver ooze (Slime:4)
  3 spriggan defenders (Depths:4)
  A ghost moth (Zot:1)
  A juggernaut skeleton (Depths:1)
  3 stone giants
  A cacodemon (D:5)
  A juggernaut zombie (Depths:2)
  2 ironbound thunderhulks
  A very ugly thing (Vaults:5)
  A bennu (Tomb:1)
  A green draconian (Zot:2)
  9 vampire knights
  2 spark wasps (Depths:2)
  4 deep elf demonologists (Elf:3)
  3 black draconians
  2 purple draconians
  3 deep elf annihilators (Elf:3)
  3 white draconians
  A yellow draconian (Zot:3)
  5 red draconians
  A green death (Depths:2)
  A deep elf death mage (Elf:3)
  Josephine (D:14)
  5 ettins
  5 eidola
  2 fire dragons
  A mummy priest (Tomb:1)
  2 yaktaur captains
  2 deep elf high priests
  A merfolk impaler (Shoals:2)
  2 vault guards
  4 jiangshi
  Harold (D:11)
  A rakshasa (Depths:2)
  2 spriggan air magi
  An ogre mage (D:15)
  A merfolk avatar (Shoals:2)
  4 great orbs of eyes
  3 boulder beetles
  4 ironbound frosthearts
  3 satyrs
  A death knight (Vaults:2)
  3 centaur warriors
  A catoblepas (Lair:2)
  2 two-headed ogres (D:15)
  7 dancing weapons
  2 anacondas
  A deep troll earth mage (Depths:2)
  4 death scarabs (Tomb:1)
  A deep troll shaman (Depths:2)
  A merfolk aquamancer (Shoals:2)
  3 vampire magi
  A death yak (Lair:5)
  A titan zombie (Depths:2)
  A spriggan berserker (Depths:3)
  2 tengu warriors
  A shock serpent (Snake:3)
  7 naga sharpshooters
  An orc high priest (Orc:2)
  A sun demon (Depths:2)
  A soul eater (Crypt:2)
  2 deep elf knights
  A shadow wraith (Crypt:3)
  3 skysharks
  Nergalle (Orc:1)
  6 skeletal warriors
  2 sea snakes
  11 deep trolls
  A glowing orange brain (Vaults:2)
  4 lindwurms
  3 phantasmal warriors
  6 naga ritualists
  2 wizards
  3 necromancers
  2 flayed ghosts
  6 ironbound convokers
  A deep elf archer (Elf:1)
  A wolf spider (shapeshifter) (D:14)
  2 shining eyes
  7 deep elf zephyrmancers
  2 mana vipers
  A stone giant zombie (Vaults:3)
  A frost giant zombie (Depths:2)
  An orc sorcerer (Orc:2)
  5 harpies
  6 orc knights
  A faun (Shoals:2)
  A tengu skeleton (Depths:1)
  2 salamanders (Snake:4)
  A cyclops (D:15)
  A moth of wrath (Zot:1)
  8 deep elf pyromancers
  4 manticores
  11 ugly things
  6 naga magi
  A merfolk siren (Shoals:4)
  A stone giant skeleton (Crypt:3)
  4 guardian serpents
  2 elephants
  8 black mambas
  A naga zombie (Crypt:3)
  4 cane toads
  An apocalypse crab (Shoals:1)
  3 vault sentinels
  A gargoyle (D:12)
  A shock serpent skeleton (Crypt:1)
  An unseen horror (D:10)
  An efreet (D:14)
  A pale draconian zombie (Crypt:1)
  A yaktaur (Vaults:2)
  An ice devil (Depths:2)
  A sea snake zombie (Shoals:1)
  3 kobold demonologists
  2 tengu conjurers
  3 komodo dragons
  A minotaur zombie (Crypt:3)
  An anaconda simulacrum (IceCv)
  A freezing wraith (Vaults:5)
  A guardian mummy (D:12)
  A queen bee (D:13)
  2 trolls (D:12)
  2 merfolk (Shoals:4)
  A hellwing (D:12)
  3 wind drakes
  A polar bear (Lair:3)
  A queen bee (shapeshifter) (Depths:2)
  The ghost of cforsyth the Shooter, an amateur BaHu (D:4)
  A meliai (D:13)
  2 hornets (Depths:4)
  A dream sheep (Lair:3)
  A tarantella zombie (Crypt:1)
  32 slime creatures
  An ettin skeleton (Depths:1)
  A fire giant simulacrum (Depths:2)
  3 spriggans (Depths:4)
  An air elemental (Elf:2)
  4 flying skulls
  A centaur simulacrum (D:14)
  A spriggan (shapeshifter) (D:14)
  A shadow (D:12)
  2 vampires
  5 wraiths
  10 yaks
  5 water elementals
  3 humans (D:13)
  A fire elemental (Elf:3)
  5 golden eyes
  5 hogs (D:13)
  A wind drake zombie (Crypt:3)
  A small abomination (D:12)
  A harpy simulacrum (Crypt:3)
  8 nagas
  A vampire mosquito (D:13)
  A large abomination (Shoals:1)
  An acid dragon (D:9)
  2 water moccasins
  A floating eye (Depths:1)
  A floating eye (shapeshifter) (Vaults:4)
  10 orc warriors
  3 ogres
  A black bear (D:10)
  2 wolves
  3 boggarts (Vaults:3)
  An elephant skeleton (Crypt:1)
  A vine stalker zombie (Crypt:1)
  4 bullfrogs
  4 necrophages (Crypt:1)
  An earth elemental (Elf:3)
  A cane toad simulacrum (IceCv)
  A two-headed ogre simulacrum (IceCv)
  3 killer bees (D:13)
  An electric eel (Lair:1)
  A howler monkey (D:11)
  A lava snake (Lair:2)
  3 orc priests
  4 jellies
  5 human skeletons (Vaults:4)
  8 orc wizards
  A polar bear simulacrum (IceCv)
  A hell rat (Lair:5)
  A naga skeleton (Crypt:2)
  7 mummies
  A swamp drake skeleton (Crypt:2)
  An ufetubus (IceCv)
  15 orcs
  A goblin (D:12)
  4 kobolds
605 creatures vanquished.

Vanquished Creatures (others)
  A nagaraja (Snake:4)
  2 yaktaur captains
  A centaur warrior (Vaults:1)
  A dancing weapon (Elf:1)
  A satyr (Shoals:4)
  2 deep elf pyromancers (Elf:1)
  A stone giant skeleton (Vaults:5)
  3 yaktaurs
  A merfolk (Shoals:4)
  A shadow (D:12)
  2 ancestors (D:9)
  83 knights
  50 fungi
  78 plants
227 creatures vanquished.

Grand Total: 2643 creatures vanquished

Notes
Turn   | Place    | Note
-------+----------+-------------------------------------------
     0 | D:1      | Lobster4 the Minotaur Hunter began the quest for the Orb.
     0 | D:1      | Reached XP level 1. HP: 18/18 MP: 0/0
   225 | D:1      | Reached skill level 1 in Stealth
   235 | D:1      | Found Vuapra's General Store.
   287 | D:1      | Reached XP level 2. HP: 25/25 MP: 1/1
   425 | D:1      | Found a faded altar of an unknown god.
   957 | D:2      | Reached skill level 1 in Armour
  1042 | D:2      | Reached XP level 3. HP: 22/30 MP: 2/2
  1854 | D:3      | Noticed a bullfrog
  1862 | D:3      | Killed a bullfrog
  1863 | D:3      | Reached skill level 5 in Ranged Weapons
  1863 | D:3      | Reached XP level 4. HP: 30/38 MP: 3/3
  1909 | D:3      | Reached XP level 5. HP: 31/45 MP: 4/4
  2331 | D:3      | Found a runed translucent door.
  2332 | D:3      | Noticed Crazy Yiuf
  2455 | D:4      | Identified the +3 sling of Action {heavy, rF+ rC+}
  2521 | D:4      | Reached XP level 6. HP: 45/52 MP: 5/5
  2572 | D:4      | Reached skill level 1 in Evocations
  2897 | D:4      | Found a glowing drain.
  2912 | Sewer    | Entered a sewer
  3008 | Sewer    | Reached XP level 7. HP: 60/60 MP: 6/6
  3675 | D:4      | Found a runed translucent gate.
  3676 | D:4      | Found a runed translucent gate.
  3676 | D:4      | Found a runed translucent gate.
  3676 | D:4      | Noticed cforsyth's ghost (amateur BaHu)
  3847 | D:5      | Entered Level 5 of the Dungeon
  5008 | D:6      | Learned a level 2 spell: Blink
  5015 | D:6      | Found an opulent altar of Gozag.
  5034 | D:6      | Reached skill level 5 in Fighting
  5165 | D:6      | Noticed Prince Ribbit
  5166 | D:6      | Noticed Pikel
  5230 | D:6      | Reached XP level 8. HP: 65/68 MP: 7/7
  5258 | D:6      | Noticed Maggie
  5284 | D:6      | Noticed Edmund
  5285 | D:6      | Found Doupy's Antique Armour Shop.
  5294 | D:6      | Bought a pair of gloves for 94 gold pieces
  5299 | D:6      | Bought a glowing ring mail for 147 gold pieces
  5356 | D:6      | Killed Edmund
  5357 | D:6      | Reached skill level 1 in Spellcasting
  5357 | D:6      | Reached skill level 1 in Translocations
  5359 | D:6      | Killed Prince Ribbit
  5360 | D:6      | Reached skill level 5 in Dodging
  5567 | D:6      | Noticed an angel
  5568 | D:6      | Found a glowing silver altar of Zin.
  5578 | D:6      | Noticed Grinder
  5593 | D:6      | Killed Grinder
  5594 | D:6      | Reached skill level 5 in Armour
  5642 | D:7      | Reached XP level 9. HP: 75/75 MP: 10/10
  5729 | D:7      | Found a sand-covered staircase.
  5746 | Ossuary  | Entered an ossuary
  6320 | D:6      | Killed Maggie
  6381 | D:6      | Killed Pikel
  6665 | D:6      | Found an ornate altar of the Wu Jian Council.
  6815 | D:6      | Found a broken altar of Ashenzari.
  6909 | D:3      | Killed Crazy Yiuf
  7012 | D:7      | Found a staircase to the Ecumenical Temple.
  7055 | Temple   | Entered the Ecumenical Temple
  7219 | Temple   | Became a worshipper of Hepliaklqana the Forgotten
  7293 | D:7      | Reached skill level 10 in Ranged Weapons
  7499 | D:7      | Reached XP level 10. HP: 86/86 MP: 13/13
  7499 | D:7      | Found an ancient bone altar of Kikubaaqudgha.
  7647 | D:7      | Reached skill level 1 in Invocations
  7893 | D:8      | Reached skill level 1 in Throwing
  8551 | D:8      | Found a snail-covered altar of Cheibriados.
  8584 | D:8      | Reached * piety under Hepliaklqana
  8987 | D:9      | Noticed Grum
  8996 | D:9      | Killed Grum
  9706 | D:9      | Reached ** piety under Hepliaklqana
  9707 | D:9      | Remembered your ancestor Bolek as a knight
  9733 | D:10     | Entered Level 10 of the Dungeon
  9792 | D:10     | Found a staircase to the Lair.
  9808 | D:10     | Reached XP level 11. HP: 71/85 MP: 14/14
  9938 | D:10     | Noticed Fannar
  9967 | D:10     | Killed Fannar
 10179 | D:10     | Found Xizoegux's Jewellery Boutique.
 10321 | D:10     | Noticed a two-headed ogre
 10327 | D:10     | Killed a two-headed ogre
 10364 | D:10     | Found a burning altar of Makhleb.
 10550 | D:10     | Identified the +3 pair of boots of Osyet {rPois rN+ Will++
                  | Regen+}
 10604 | D:10     | Reached *** piety under Hepliaklqana
 10714 | D:10     | Found a bloodstained altar of Trog.
 10831 | D:11     | Noticed a red ugly thing
 10921 | D:11     | Noticed a two-headed ogre
 10933 | D:11     | Killed a two-headed ogre
 11186 | D:11     | Noticed a sun demon
 11387 | D:11     | Killed a red ugly thing
 11469 | D:11     | Noticed Harold
 11476 | D:11     | Killed Harold
 12082 | D:12     | Reached skill level 10 in Fighting
 12091 | D:12     | Noticed a fire dragon
 12091 | D:12     | Noticed a centaur warrior
 12091 | D:12     | Noticed a boulder beetle
 12091 | D:12     | Noticed an eight-headed hydra
 12150 | Lair:1   | Entered Level 1 of the Lair of Beasts
 12150 | Lair:1   | Reached **** piety under Hepliaklqana
 12426 | Lair:1   | Reached skill level 5 in Translocations
 12450 | Lair:1   | Reached XP level 12. HP: 95/95 MP: 15/15
 12946 | Lair:2   | Reached skill level 10 in Armour
 12963 | Lair:2   | Found a frozen archway.
 12984 | IceCv    | Entered an ice cave
 13010 | IceCv    | Reached ***** piety under Hepliaklqana
 13328 | IceCv    | Found an ancient bone altar of Kikubaaqudgha.
 14237 | Lair:2   | Found a staircase to the Snake Pit.
 14273 | Lair:2   | Noticed a catoblepas
 14287 | Lair:2   | Killed a catoblepas
 14288 | Lair:2   | Reached XP level 13. HP: 104/104 MP: 18/18
 14400 | Lair:2   | Reached skill level 5 in Invocations
 14523 | Lair:2   | Found a runed translucent gate.
 14523 | Lair:2   | Found a runed translucent gate.
 14523 | Lair:2   | Found a runed translucent gate.
 14529 | Lair:2   | Noticed mandoloar's ghost (journeyman GnCj)
 14597 | Lair:2   | Found a viscous altar of Jiyva.
 14633 | Lair:3   | Reached skill level 15 in Ranged Weapons
 15239 | Lair:3   | Found a staircase to the Shoals.
 15936 | Lair:4   | Noticed Sonja
 15946 | Lair:4   | Killed Sonja
 16092 | Lair:4   | Reached ****** piety under Hepliaklqana
 16173 | Lair:4   | Reached skill level 5 in Spellcasting
 16376 | Lair:4   | Found a staircase to the Slime Pits.
 16516 | Lair:5   | Entered Level 5 of the Lair of Beasts
 16592 | Lair:5   | Reached skill level 1 in Shields
 16788 | Lair:5   | Identified the +0 leather armour of Prudence {rF- MP-9
                  | Str+4 Dex+6}
 17132 | Lair:5   | HP: 1/107 [spore (42)]
 17133 | Lair:5   | Reached XP level 14. HP: 1/114 MP: 20/20
 17716 | Lair:5   | Identified the +1 robe "Adiyxuth" {Rampage Regen+ Archmagi}
 17717 | Lair:5   | Identified the +4 sling of the Thoughtful Mystics {drain,
                  | rPois rF+ Will+ Dex+3}
 17813 | Lair:5   | Reached skill level 5 in Shields
 18066 | Lair:2   | Killed mandoloar's ghost
 18186 | Lair:2   | Identified the ring of Xedorih {rF+ SInv Stlth+}
 18366 | D:4      | Killed cforsyth's ghost
 18642 | D:12     | Found a staircase to the Orcish Mines.
 18738 | D:12     | Found a portal to a secret trove of treasure.
 19035 | Orc:1    | Entered Level 1 of the Orcish Mines
 19078 | Orc:1    | Noticed Nergalle
 19319 | D:12     | Identified the ring of Vonepa {rPois rN+ SInv}
 19981 | D:13     | Noticed Rupert
 19981 | D:13     | Found a gate to the Vaults.
 20210 | D:13     | Killed Rupert
 20211 | D:13     | Reached XP level 15. HP: 74/124 MP: 18/21
 20262 | D:13     | Noticed Frances
 20274 | D:13     | Killed Frances
 21122 | D:13     | Noticed Kirke
 21137 | D:13     | Killed Kirke
 21267 | Orc:1    | Killed Nergalle
 21545 | Orc:2    | Entered Level 2 of the Orcish Mines
 21578 | Orc:2    | Found Hude's Book Shoppe.
 21962 | Orc:2    | Found Kidaymp's Antique Weapon Shop.
 22024 | Orc:2    | Found Kayd's Antique Armour Shoppe.
 22025 | Orc:2    | Found a staircase to the Elven Halls.
 22224 | Orc:2    | Found Kyenon's General Store.
 22417 | Orc:2    | Bought a silken robe for 159 gold pieces
 22417 | Orc:2    | Identified the +1 robe of Too Many Cooks {Will+ Regen+
                  | Str-4} (You bought it in a shop on level 2 of the Orcish
                  | Mines)
 22546 | D:14     | Noticed Josephine
 22561 | D:13     | Reached skill level 1 in Short Blades
 22571 | D:14     | Killed Josephine
 23114 | D:14     | Reached skill level 15 in Fighting
 23134 | D:14     | Reached XP level 16. HP: 126/134 MP: 22/22
 23390 | D:14     | Identified the +0 dagger of the Lachrymose God {heavy, rC+}
 23516 | D:14     | Noticed Agnes
 23533 | D:14     | Killed Agnes
 23912 | D:15     | Entered Level 15 of the Dungeon
 23988 | D:15     | Found a staircase to the Depths.
 24100 | D:15     | Reached skill level 15 in Armour
 24381 | D:15     | Found a stormy altar of Qazlal.
 24596 | Elf:1    | Entered Level 1 of the Elven Halls
 24684 | Elf:1    | Reached skill level 10 in Shields
 25163 | Elf:1    | Found a runed translucent gate.
 25206 | Elf:1    | Found a runed translucent gate.
 25207 | Elf:1    | Found a runed translucent gate.
 25358 | Elf:1    | Found Vemy's Book Shop.
 25465 | Elf:1    | Paralysed by an air elemental for 1 turns
 25468 | Elf:1    | Paralysed by an air elemental for 1 turns
 25567 | Elf:1    | Identified the +3 mace of Soqaps {freeze, rC- Will+ rCorr}
 25653 | Elf:1    | Got the Guidebook on Conjuration
 25987 | Elf:2    | Reached XP level 17. HP: 115/142 MP: 23/23
 26504 | Elf:2    | Paralysed by an air elemental for 1 turns
 26581 | Elf:2    | Found a huge runed translucent gate.
 26581 | Elf:2    | Found a huge runed translucent gate.
 26581 | Elf:2    | Found a huge runed translucent gate.
 26581 | Elf:2    | Found a huge runed translucent gate.
 26582 | Elf:2    | Found a huge runed translucent gate.
 26629 | Elf:3    | Entered Level 3 of the Elven Halls
 26889 | Elf:3    | Identified a scroll of acquirement
 26915 | Elf:3    | Identified the +3 rapier of Ostri {venom, Int+3}
 27370 | Elf:3    | Noticed a Tzitzimitl
 27527 | Elf:3    | Noticed an Ice Fiend
 28035 | Elf:3    | Reached skill level 10 in Invocations
 28076 | Elf:3    | Noticed a deep elf blademaster
 28090 | Elf:3    | Killed a deep elf blademaster
 28099 | Elf:3    | Killed a ghostly deep elf blademaster
 28398 | Elf:3    | Identified the amulet of Ifiunoeq {Faith Will+ Str+3 Dex-3}
 28398 | Elf:3    | Noticed a deep elf blademaster
 28415 | Elf:3    | Killed a deep elf blademaster
 28759 | Elf:3    | Identified the +1 ring mail of Hubris {rF+ Slay+2}
 28782 | Elf:3    | Identified the +3 chain mail "Ystiat Haoll" {rF+ Str+5}
 28787 | Elf:3    | Got the Essays on Toxicants and the Crevasse
 29123 | Snake:1  | Entered Level 1 of the Snake Pit
 29222 | Snake:1  | Noticed Aizul
 29248 | Snake:1  | Killed Aizul
 29843 | Snake:1  | Found Xusaupn's Antique Weapon Boutique.
 30052 | Snake:1  | Identified the ring "Ugeivoca" {rC+ Dex+2 Stlth+}
 30246 | Snake:2  | Reached XP level 18. HP: 153/153 MP: 24/24
 30686 | Snake:2  | Noticed Mlioglotl
 31612 | Snake:3  | Noticed Bai Suzhen
 32046 | D:1      | Bought 3 scrolls of teleportation for 117 gold pieces
 32279 | D:12     | You paid a toll of 14 scrolls of teleportation to enter a
                  | treasure trove
 32280 | Trove    | Entered a treasure trove
 32285 | Trove    | Found the +3 warlock's mirror {omnireflect}
 32293 | Trove    | Got the Parchment of Fulgurant Beguiling
 32296 | Trove    | Identified the +6 quarterstaff of Exoneration {venom, rF+++
                  | Int-5 Dex+4}
 32637 | Snake:3  | Identified the ring "Xeozew" {Contam rF+ Dex+8}
 33305 | Snake:3  | Killed Bai Suzhen
 33387 | Snake:4  | Entered Level 4 of the Snake Pit
 33459 | Snake:4  | Found Notonaob's Book Boutique.
 34414 | Snake:4  | Identified the +2 falchion of Honour {drain, rF- rC+ rN+}
 34588 | Snake:4  | Noticed Vashnia
 34627 | Snake:4  | Killed Vashnia
 34650 | Snake:4  | Got a serpentine rune of Zot
 34724 | Snake:4  | Upgraded the game from 0.30-a0-879-ga8ba668304 to
                  | 0.30-a0-881-g1ff12e1e11
 34993 | Shoals:1 | Entered Level 1 of the Shoals
 35276 | Shoals:1 | Reached skill level 1 in Long Blades
 35322 | Shoals:1 | Found a runed translucent door.
 35344 | Shoals:1 | Found a corrupted altar of Lugonu.
 35344 | Shoals:1 | Found a one-way gate to the infinite horrors of the Abyss.
 35381 | Shoals:1 | Found Lidweudy's Distillery.
 35678 | Shoals:2 | Reached XP level 19. HP: 162/162 MP: 25/25
 35690 | Shoals:2 | Found a runed translucent door.
 36000 | Shoals:2 | Identified the +5 scale mail of Impressiveness {rC++}
 37230 | Shoals:4 | Entered Level 4 of the Shoals
 37498 | Shoals:4 | Identified the +3 leather armour "Vaxem" {rF+ Will+ Str+2
                  | Dex+3}
 37719 | Shoals:4 | Got a barnacled rune of Zot
 38157 | Shoals:1 | Identified the +9 shortbow of Impeachment {freeze, rN+}
 38335 | Vaults:1 | Entered Level 1 of the Vaults
 38769 | Vaults:1 | Found Fyenakle's Antique Weapon Emporium.
 38898 | Vaults:1 | Learned a level 3 spell: Teleport Other
 39539 | Vaults:2 | Reached XP level 20. HP: 170/171 MP: 27/27
 39562 | Vaults:2 | Found a staircase to the Crypt.
 41663 | Vaults:3 | Identified the +10 scale mail of the Original Sin {rN+}
 42675 | Vaults:4 | Found Cumnamaruho's Antique Weapon Boutique.
 42818 | Vaults:4 | Reached XP level 21. HP: 176/178 MP: 28/28
 43680 | Crypt:1  | Entered Level 1 of the Crypt
 44113 | Crypt:1  | Noticed Khufu
 44126 | Crypt:1  | Killed Khufu
 45100 | Crypt:2  | Noticed Saint Roka
 45101 | Crypt:2  | Noticed Zenata
 45753 | Crypt:2  | Killed Saint Roka
 45848 | Crypt:2  | Killed Zenata
 46165 | Crypt:3  | Entered Level 3 of the Crypt
 46275 | Crypt:3  | Found the macabre finger necklace {Finger+ rN+}
 46479 | Crypt:3  | Reached XP level 22. HP: 188/191 MP: 29/29
 47285 | Crypt:3  | Noticed a dread lich
 47285 | Crypt:3  | Noticed a dread lich
 47310 | Crypt:3  | Learned a level 1 spell: Apportation
 47314 | Crypt:3  | Learned a level 3 spell: Portal Projectile
 47389 | Crypt:3  | Found a staircase to the Tomb.
 47522 | Crypt:3  | Noticed an ancient lich
 47524 | Crypt:3  | Identified the amulet of the Devil's Team {Faith rN++ Will-
                  | Regen+ Int+2}
 47527 | Crypt:3  | Identified the +4 war axe of the Bequeathed God {freeze,
                  | Fly Will+} (You found it on level 3 of the Crypt)
 47574 | Crypt:3  | Killed an ancient lich
 47862 | Crypt:3  | Killed a dread lich
 47880 | Crypt:3  | Killed a dread lich
 48152 | Depths:1 | Entered Level 1 of the Depths
 48258 | Depths:1 | You fall into a shaft and drop 1 floor!
 48277 | Depths:2 | Reached skill level 1 in Hexes
 48346 | Depths:2 | Noticed Nikola
 48350 | Depths:2 | Killed Nikola
 48388 | Depths:2 | Reached skill level 27 in Ranged Weapons
 48564 | Depths:2 | Noticed a caustic shrike
 48569 | Depths:2 | Killed a caustic shrike
 48780 | Depths:2 | Found a gateway to Hell.
 48816 | Depths:2 | Identified the +7 glaive "Tucvoat" {freeze, *Corrode rElec
                  | rN+++ Str+2}
 48882 | Depths:2 | Reached skill level 10 in Dodging
 49375 | Depths:2 | Found a one-way gate leading to the halls of Pandemonium.
 49499 | Depths:1 | Found Mablis's Armour Boutique.
 49614 | Depths:1 | Identified the +10 shadow dragon scales "Wiojalou" {Str+2
                  | Stlth++++}
 49867 | Depths:1 | Reached skill level 10 in Translocations
 50015 | Depths:1 | Found a one-way gateway to a ziggurat.
 50172 | Depths:1 | Found Wety's Jewellery Shoppe.
 50306 | Depths:1 | Found Ohu Imashry's Weapon Emporium.
 50855 | Depths:3 | Reached XP level 23. HP: 200/200 MP: 31/31
 51377 | Depths:4 | Entered Level 4 of the Depths
 51377 | Depths:4 | Noticed Parghit
 51634 | Depths:4 | Noticed the Enchantress
 52100 | Depths:4 | Found a gate to the Realm of Zot.
 52140 | Depths:4 | Killed the Enchantress
 53132 | Elf:2    | Noticed Donald
 53136 | Elf:2    | Killed Donald
 53315 | Elf:2    | Noticed Louise
 53323 | Elf:2    | Killed Louise
 53634 | Vaults:5 | Entered Level 5 of the Vaults
 53638 | Vaults:5 | Identified the +5 spear "Nahen" {heavy, rC+ Dex+4 Stlth+}
 53900 | Vaults:5 | Noticed a dread lich
 53979 | Vaults:5 | Paralysed by a floating eye for 2 turns
 53989 | Vaults:4 | Killed a dread lich
 54291 | Vaults:5 | Noticed an ancient lich
 54293 | Vaults:5 | Reached XP level 24. HP: 156/213 MP: 31/31
 54300 | Vaults:5 | Killed an ancient lich
 54651 | Vaults:5 | Got a silver rune of Zot
 54758 | Vaults:5 | Identified the +4 leather armour of Ytul {Harm +Blink
                  | Int-5}
 54887 | Vaults:5 | Noticed a dread lich
 54889 | Vaults:5 | Killed a dread lich
 54891 | Vaults:5 | Identified the +9 war axe "Esaibafu" {flame, rC+ SInv}
 55201 | Vaults:5 | Identified the amulet of the Duchess {RegenMP rN+ Dex+2}
 55201 | Vaults:5 | Noticed Sojobo
 55230 | Vaults:5 | Killed Sojobo
 55244 | Vaults:5 | Identified the +5 morningstar of Tenacity {antimagic, rF+
                  | Int+5}
 55244 | Vaults:5 | Identified the +5 ring mail of the Tanner {*Slow +Blink rF-
                  | rCorr}
 55320 | Vaults:5 | Identified the +5 eveningstar "Killer Klown's Foe" {holy,
                  | Fly rElec}
 55364 | Vaults:5 | Noticed a dread lich
 55377 | Vaults:5 | Killed a dread lich
 55532 | Vaults:5 | Identified the +5 chain mail "Nagh" {rPois Regen+ Dex+2}
 55538 | Vaults:5 | Got the Parchment of Frore Fever
 55539 | Vaults:5 | Identified the +1 robe of the Cockroach {Str+10 Stlth+}
 55540 | Vaults:5 | Identified the +9 short sword of the Fresh God {freeze, rF+
                  | rC+}
 55925 | Tomb:1   | Entered Level 1 of the Tomb of the Ancients
 56345 | Tomb:1   | Acquired 937 gold pieces
 56347 | Tomb:1   | Acquired a manual of Stealth
 56360 | Tomb:1   | Noticed a royal mummy
 56370 | Tomb:1   | Killed a royal mummy
 56520 | Tomb:1   | Noticed a royal mummy
 56526 | Tomb:1   | Killed a royal mummy
 56637 | Tomb:1   | Noticed a royal mummy
 56967 | Tomb:1   | Killed a royal mummy
 57530 | Slime:1  | Entered Level 1 of the Pits of Slime
 57870 | Slime:1  | Found a viscous altar of Jiyva.
 59103 | Slime:5  | Entered Level 5 of the Pits of Slime
 59132 | Slime:5  | Reached XP level 25. HP: 223/223 MP: 31/31
 59198 | Slime:5  | Reached skill level 5 in Stealth
 59210 | Slime:5  | Gained mutation: Potions are less effective at restoring
                  | your health. [a shining eye]
 59212 | Slime:5  | Noticed the Royal Jelly
 59316 | Slime:5  | Gained mutation: You have hidden genetic defects. [a
                  | shining eye]
 59366 | Slime:4  | Gained mutation: You are frail. (-10% HP) [a shining eye]
 59430 | Slime:4  | Reached skill level 5 in Hexes
 59670 | Slime:4  | Lost mutation: Potions are less effective at restoring your
                  | health. [potion of mutation]
 59670 | Slime:4  | Lost mutation: You have hidden genetic defects. [potion of
                  | mutation]
 59670 | Slime:4  | Gained mutation: Your flesh is heat resistant. (rF+)
                  | [potion of mutation]
 59670 | Slime:4  | Gained mutation: You are strong-willed. (Will+) [potion of
                  | mutation]
 59809 | Slime:5  | Found a viscous altar of Jiyva.
 59840 | Slime:5  | Gained mutation: You are occasionally teleported next to
                  | monsters. [a shining eye]
 59869 | Slime:4  | Lost mutation: Your flesh is heat resistant. (rF+) [potion
                  | of mutation]
 59869 | Slime:4  | Lost mutation: You are frail. (-10% HP) [potion of
                  | mutation]
 59869 | Slime:4  | Lost mutation: You are strong-willed. (Will+) [potion of
                  | mutation]
 59869 | Slime:4  | Gained mutation: You have sharp fingernails. [potion of
                  | mutation]
 59869 | Slime:4  | Lost mutation: You have sharp fingernails. [potion of
                  | mutation]
 59870 | Slime:4  | Lost mutation: You are occasionally teleported next to
                  | monsters. [potion of mutation]
 59870 | Slime:4  | Gained mutation: Your mind is acute. (Int +4, Str/Dex -1)
                  | [potion of mutation]
 59870 | Slime:4  | Gained mutation: Armour fits poorly on your strangely
                  | shaped body. [potion of mutation]
 59870 | Slime:4  | Gained mutation: You are partially covered in iridescent
                  | scales. (AC +2) [potion of mutation]
 59972 | Slime:5  | Gained mutation: You occasionally lose the ability to read
                  | scrolls when taking damage. [a shining eye]
 60019 | Slime:4  | Lost mutation: Your mind is acute. (Int +4, Str/Dex -1)
                  | [potion of mutation]
 60019 | Slime:4  | Lost mutation: You are partially covered in iridescent
                  | scales. (AC +2) [potion of mutation]
 60019 | Slime:4  | Lost mutation: You occasionally lose the ability to read
                  | scrolls when taking damage. [potion of mutation]
 60019 | Slime:4  | Gained mutation: You are partially covered in iridescent
                  | scales. (AC +2) [potion of mutation]
 60019 | Slime:4  | Gained mutation: You are frail. (-10% HP) [potion of
                  | mutation]
 60019 | Slime:4  | Gained mutation: You are vulnerable to heat. (rF-) [potion
                  | of mutation]
 60020 | Slime:4  | Lost mutation: You are frail. (-10% HP) [potion of
                  | mutation]
 60020 | Slime:4  | Lost mutation: You are partially covered in iridescent
                  | scales. (AC +2) [potion of mutation]
 60020 | Slime:4  | Lost mutation: You are vulnerable to heat. (rF-) [potion of
                  | mutation]
 60020 | Slime:4  | Gained mutation: Your flesh is cold resistant. (rC+)
                  | [potion of mutation]
 60020 | Slime:4  | Gained mutation: You have an increased reservoir of magic.
                  | (+10% MP) [potion of mutation]
 60020 | Slime:4  | Gained mutation: You passively dampen the noise of your
                  | surroundings. [potion of mutation]
 60441 | Zot:1    | Entered Level 1 of the Realm of Zot
 61205 | Zot:2    | Reached skill level 15 in Dodging
 61317 | Zot:2    | Found the +4 dragonskin cloak
 61317 | Zot:2    | Noticed Tiamat
 61801 | Zot:2    | Noticed a dread lich
 61801 | Zot:2    | Noticed a dread lich
 61801 | Zot:2    | Noticed a dread lich
 61805 | Zot:2    | Noticed a dread lich
 61815 | Zot:2    | Killed a dread lich
 61816 | Zot:2    | Noticed a dread lich
 61818 | Zot:2    | Killed a dread lich
 61822 | Zot:2    | Noticed a dread lich
 61829 | Zot:2    | Killed a dread lich
 61832 | Zot:2    | Killed a dread lich
 61834 | Zot:2    | Noticed a dread lich
 61840 | Zot:2    | Killed a dread lich
 61845 | Zot:2    | Killed a dread lich
 61849 | Zot:2    | Killed a dread lich
 62019 | Zot:2    | Reached skill level 10 in Stealth
 62694 | Zot:3    | Reached XP level 26. HP: 234/234 MP: 35/35
 63689 | Zot:5    | Entered Level 5 of the Realm of Zot
 64102 | Zot:2    | Killed Tiamat
 64504 | Zot:5    | Noticed an ancient lich
 64509 | Zot:5    | Killed an ancient lich
 64646 | Zot:5    | Noticed an orb of fire
 64720 | Zot:5    | Killed an orb of fire
 64739 | Zot:5    | Noticed an ancient lich
 64788 | Zot:5    | Killed an ancient lich
 64877 | Zot:5    | Noticed an orb of fire
 64884 | Zot:5    | Killed an orb of fire
 64915 | Zot:5    | Noticed an ancient lich
 64921 | Zot:5    | Noticed a dread lich
 64925 | Zot:5    | Killed an ancient lich
 64930 | Zot:5    | Killed a dread lich
 65567 | Zot:5    | Noticed an ancient lich
 65567 | Zot:5    | Noticed an orb of fire
 65567 | Zot:5    | Noticed a dread lich
 65576 | Zot:5    | Noticed a dread lich
 65743 | Zot:5    | Noticed a dread lich
 65759 | Zot:5    | Killed a dread lich
 65762 | Zot:5    | Killed a dread lich
 65763 | Zot:5    | Reached XP level 27. HP: 243/243 MP: 36/36
 65773 | Zot:5    | Killed a dread lich
 65792 | Zot:5    | Killed an orb of fire
 65946 | Zot:5    | Reached skill level 27 in Fighting
 65984 | Zot:5    | Killed an ancient lich
 66040 | Zot:5    | Got the Orb of Zot
 66505 | D:10     | Noticed a seraph
 66564 | D:5      | Reached skill level 15 in Invocations
 66718 | D:$      | Escaped with the Orb!

Illustrated notes

Levels and vault maps discovered:
D:1:      lightli_arrival_flooded_house, layout_basic,
          hellmonk_ecumenical_altar_run_dry, serial_shops, shop,
          minmay_worlds_worst_comb
D:2:      layout_basic
D:3:      layout_rooms, uniq_crazy_yiuf_cottage
D:4:      layout_basic, ebering_ghost_rock_garden, portal_sewer_entry_c
D:5:      layout_layer_cave
D:6:      layout_cave_pools, lemuel_coloured_pillars_altar, zin_angel,
          nicolae_gozag_cash_rules_everything_around_me,
          mainiacjoe_overflow_alcove_2, serial_shops, nicolae_shop_stone,
          uniq_prince_ribbit1, uniq_pikel, uniq_grinder, uniq_edmund,
          uniq_maggie
D:7:      layout_basic, lemuel_mausoleum_altar_kikubaaqudgha,
          minmay_temple_entry_butterflies, enter_ossuary_4,
          minmay_chambers_of_fives
D:8:      layout_loops_cross, kennysheep_little_box
D:9:      layout_stronghold, uniq_grum
D:10:     layout_stronghold, kennysheep_mini_moat,
          nicolae_overflow_crystal_walls, grunt_lair_entry_orc_guard_hut,
          serial_shops, nicolae_shop_hallway_plus, uniq_fannar
D:11:     layout_stronghold, bh_walls_and_bars, uniq_harold
D:12:     minmay_the_grid_4x2 [minmay_the_grid_x, minmay_the_grid_mess,
          minmay_the_grid_odd_star, minmay_the_grid_doors, minmay_the_grid_tree,
          minmay_the_grid_tri_star, minmay_the_grid_pillar_ring,
          minmay_the_grid_prize_inner_circle], layout_basic, erik_orc_3,
          nicolae_trove_entry_path_of_doom, nzn_sisyphean_effort
D:13:     layout_roguey, david_vaults_3, special_room [special_room_bee],
          uniq_kirke, uniq_frances
D:14:     layout_basic, minmay_shattered_shrine, uniq_agnes, uniq_josephine
D:15:     grunt_enter_depths_snipers, layout_rooms, grunt_qazlal_clouds
Temple:   nicolae_temple_bog_church
Lair:1:   layout_chaotic_city, beast_lair_carwin_4, infiniplex_staircase_pool
Lair:2:   layout_regular_city, nicolae_snake_entry_warm_welcome,
          portal_ice_cave_demonic_guard, gammafunk_ghost_ooze,
          nicolae_quartered_pool_medium, grunt_megastairs_2
Lair:3:   layout_cave_pods, minmay_shoals_entry_beasts
Lair:4:   layout_regular_city, dpeg_slime_entry_corner,
          chequers_serial_rivers_small_a, lemuel_fruit_tree, uniq_sonja
Lair:5:   evilmike_catoblepas_cave, layout_regular_city, wad_woods_river_02,
          infiniplex_staircase_pool_2, serial_bayou_shore_b
Shoals:1: layout_shoals, serial_shops, nicolae_shop_statue_plus,
          nicolae_shoals_abyss_on_the_beach
Shoals:2: layout_shoals, lightli_airlock
Shoals:3: layout_shoals, overgrown_hall
Shoals:4: shoals_end_hellmonk_lost_city
Snake:1:  layout_basic, serial_shops, nicolae_shop_hallway_stairs, uniq_aizul
Snake:2:  layout_misc_corridors, special_room, uniq_mlioglotl
Snake:3:  layout_chambers, grunt_ministairs_3, nrook_guardian_serpent_double,
          uniq_bai_suzhen
Snake:4:  grunt_snake_rune_pools, layout_concentric_octagons, serial_shops,
          nicolae_shop_hallway_plus, uniq_vashnia
Slime:1:  layout_caves, basic_altar
Slime:2:  layout_caves, nicolae_slime_welcoming_committee
Slime:3:  layout_caves, cheibrodos_slime_lost_civilization_5
Slime:4:  layout_caves, nicolae_slime_round_cave
Slime:5
Orc:1:    layout_diamond_mine, uniq_nergalle
Orc:2:    grunt_orc_gardens, layout_diamond_mine, grunt_orc_garden,
          grunt_orc_garden, grunt_orc_garden, grunt_orc_garden, basic_altar
Elf:1:    minmay_elf_arrival_summoners, layout_loops_cross, serial_shops,
          nicolae_lakefront_shop, minmay_elf_annihilation,
          nicolae_elf_hall_of_bonks
Elf:2:    elven_hall_of_blades_hangedman_alternative [nicolae_blade_lattice],
          layout_rooms, roderic_lattice_octagonal_star, uniq_louise, uniq_donald
Elf:3:    minmay_elf_hall_quartered_circle, layout_geoelf_castle, nrook_uturn
Vaults:1: hangedman_vaults_slice, ontoclasm_vaults_gallery, v_rooms_3,
          vaults_mumra_hexcomb, ontoclasm_vaults_claustrophobia,
          nicolae_vaults_circle_grid_a, v_misc_8, vaults_room_door_ring,
          v_misc_30, hangedman_vaults_slice, vaults_dpeg_encased_lava,
          layout_vaults_omnibox, serial_shops, shop
Vaults:2: nicolae_vaults_yaktaur_gun_rack, vaults_room_ringed_pool,
          blue_anna_dwarven_crypt, nicolae_vaults_ring_of_whatevers,
          grunt_vaults_funnel, v_pattern_5, v_alt_pattern_5, v_misc_12,
          ontoclasm_vaults_decontamination, nicolae_vaults_mini_display_case,
          layout_vaults_omnigrid
Vaults:3: hangedman_vaults_trim, ontoclasm_vaults_loading_screen,
          nicolae_vaults_little_squares_4, hangedman_vaults_stitches,
          v_pattern_2, grunt_vaults_trifunnel, v_misc_28,
          nicolae_vaults_minivaults, vaults_standard_mumra_x,
          nicolae_vaults_angled_halls, vaults_dpeg_ring, layout_vaults_big_room
Vaults:4: nicolae_vaults_little_squares_6, ontoclasm_vaults_spin,
          nicolae_vaults_murderbox, hangedman_vaults_slice,
          hangedman_vaults_cutoff, vaults_room_semicircle,
          ontoclasm_vaults_loading_screen, dpeg_vaults_monster_row,
          ontoclasm_vaults_gateway, ontoclasm_vaults_chip,
          layout_vaults_maze_bifur, serial_shops, nicolae_shop_statue_plus
Vaults:5: uniq_sojobo
Crypt:1:  layout_catacombs, grunt_megastairs_3, grunt_crypt_arrival_split,
          uniq_khufu
Crypt:2:  layout_rooms, minmay_misc_feat_rows, corner_web_ring,
          nicolae_crypt_statuary_hall, uniq_saint_roka, uniq_josephina,
          uniq_zenata
Crypt:3:  david_glass_crypt, layout_gridlike,
          nicolae_tomb_entry_unfolded_pyramid_orthogonal
Tomb:1
Depths:1: layout_roguey, enter_ziggurat_c, hell_entry, serial_shops,
          nicolae_shop_trees, nicolae_square_shop, kennysheep_mini,
          nicolae_shop_bloodbath_and_beyond, minmay_door_square,
          roderic_lattice_a, beargit_elvish_explorers
Depths:2: minmay_swirls_squares, layout_honeycomb, grunt_pan_entry_in_and_out,
          grunt_hell_entry_dis_grunt, minmay_staircase_statues, uniq_nikola
Depths:3: hangedman_arrow_trap, layout_long_grid, abyss_entry_crystal,
          nicolae_eternal_life, hangedman_geh_valley, nicolae_benzene_ring,
          ebering_dispersal_statue_hall, minmay_staircase_bubble
Depths:4: grunt_zot_entry_bicorn, layout_cross, hell_entry,
          minmay_stone_trees_medium, uniq_enchantress, uniq_parghit
Zot:1:    layout_misc_corridors, drop_trap
Zot:2:    hellmonk_paralyzer, layout_concentric_octagons, uniq_tiamat
Zot:3:    layout_onion_interference
Zot:4:    layout_misc_corridors
Zot:5:    layout_twisted_circle, st_stairs_5, nicolae_zot_crop_circle

Skill      XL: |  1  2  3  4  5  6  7  8  9 10 11 12 13 14 15 16 17 18 19 20 21 22 23 24 25 26 27 |
---------------+----------------------------------------------------------------------------------+-----
Stealth        | 1 4 10 | 10.0
Armour         | 1 2 3 4 5 6 8 9 11 12 13 14 15 16 17 18 19 20 22 23 24 25 | 25.9
Fighting       | 3 4 5 6 7 8 10 11 12 14 15 16 17 18 19 20 21 22 23 24 25 26 27 | 27.0
Ranged Weapons | 5 6 7 8 10 11 13 14 16 18 19 20 22 23 24 25 26 27 | 27.0
Dodging        | 3 4 5 6 8 10 11 14 15 | 15.0
Evocations     | 1 2 3 |  3.0
Spellcasting   | 1 2 3 4 5 6 |  6.0
Translocations | 1 2 3 5 6 7 9 10 12 | 12.0
Invocations    | 3 4 6 7 9 10 11 12 13 14 15 | 15.0
Throwing       | 1 |  1.0
Shields        | 3 6 8 10 11 13 | 13.0
Short Blades   | 2 3 |  3.3
Long Blades    | 1 3 |  3.2
Hexes          | 3 4 6 8 |  8.6

Action                     |  1- 3 |  4- 6 |  7- 9 | 10-12 | 13-15 | 16-18 | 19-21 | 22-24 | 25-27 || total
---------------------------+-------+-------+-------+-------+-------+-------+-------+-------+-------++-------
   Fire: Shortbow          |    87 |   183 |   332 |   699 |   583 |       |    62 |       |       ||  1946
         Sling             |       |       |       |       |  1205 |  1833 |  2446 |   219 |       ||  5703
         Hand crossbow     |       |       |       |       |       |       |       |  1289 |  1057 ||  2346
  Throw: Dart              |       |       |       |       |       |     8 |       |       |       ||     8
   Cast: Apportation       |       |       |       |       |       |       |       |     3 |     1 ||     4
         Blink             |       |       |       |       |       |       |       |     1 |       ||     1
         Portal Projectile |       |       |       |       |       |       |       |       |     4 ||     4
 Invoke: Ancestor Life: Kn |       |       |       |     1 |       |       |       |       |       ||     1
         Recall Ancestor   |       |       |       |     1 |     4 |     7 |     6 |    10 |    11 ||    39
         Idealise          |       |       |       |       |     1 |     4 |     1 |     4 |    10 ||    20
  Evoke: Wand              |       |       |     9 |    11 |     6 |     9 |     4 |     4 |     4 ||    47
         Lightning rod     |       |       |       |       |     3 |     4 |     3 |     2 |     2 ||    14
         Phantom mirror    |       |       |       |       |       |     1 |       |     1 |       ||     2
         Condenser vane    |       |       |       |       |       |     1 |     2 |     1 |     1 ||     5
         Tin of tremorston |       |       |       |       |       |       |     6 |       |     2 ||     8
    Use: Scroll            |       |    11 |     4 |    14 |    10 |     9 |     6 |    20 |    10 ||    84
         Potion            |       |       |       |     2 |     8 |     3 |     1 |     6 |    11 ||    31
 Armour: Leather armour    |     6 |     1 |       |       |       |       |   227 |    42 |       ||   276
         Robe              |       |    12 |    27 |    21 |       |       |       |       |       ||    60
         Scale mail        |       |       |       |    23 |   204 |   103 |       |       |       ||   330
         Ring mail         |       |       |       |    22 |       |    62 |    23 |       |       ||   107
         Ice dragon scales |       |       |       |    15 |       |       |       |       |       ||    15
         Skin              |       |       |       |       |       |       |     9 |    69 |       ||    78
         Shadow dragon sca |       |       |       |       |       |       |       |   152 |       ||   152
         Acid dragon scale |       |       |       |       |       |       |       |   123 |   144 ||   267
  Dodge: Dodged            |    18 |    44 |   148 |   164 |   259 |   269 |   476 |   450 |   352 ||  2180
  Block: Other             |     4 |    20 |    41 |    56 |    39 |       |       |       |       ||   160
         Reflection        |       |     1 |     2 |     2 |    36 |    63 |    58 |    70 |    43 ||   275
         Kite shield       |       |       |       |       |   405 |   497 |       |       |       ||   902
         Buckler           |       |       |       |       |       |   122 |   480 |   401 |   258 ||  1261

Table legend: (Time is in decaauts)
 A = Elapsed time spent in this place.
 B = Non-inter-level travel time spent in this place.
 C = Inter-level travel time spent in this place.
 D = Time resting spent in this place.
 E = Time spent auto-exploring this place.
 F = Levels seen in this place.
 G = Mean time per level.
                   A        B        C        D        E       F      G
               +--------+--------+--------+--------+--------+-----+--------+
         Total |  66658 |  59165 |   7493 |   5476 |  35257 |  61 | 1092.8 |
       Dungeon |  17538 |  15232 |   2306 |    961 |  10203 |  15 | 1169.2 |
        Temple |    194 |    170 |     24 |      0 |    154 |   1 |  194.0 |
          Lair |   5650 |   4823 |    827 |    187 |   3540 |   5 | 1130.0 |
        Shoals |   3302 |   2977 |    325 |    156 |   1984 |   4 |  825.5 |
     Snake Pit |   4888 |   4458 |    430 |    187 |   3028 |   4 | 1222.0 |
    Slime Pits |   2594 |   2331 |    263 |    155 |   1286 |   5 |  518.8 |
  Orcish Mines |   1731 |   1415 |    316 |    235 |    650 |   2 |  865.5 |
   Elven Halls |   4671 |   4362 |    309 |    651 |   2055 |   3 | 1557.0 |
        Vaults |   7600 |   6680 |    920 |    497 |   4189 |   5 | 1520.0 |
         Crypt |   4586 |   3973 |    613 |    836 |   1316 |   3 | 1528.7 |
          Tomb |   1270 |   1188 |     82 |    230 |    622 |   1 | 1270.0 |
        Depths |   4950 |   4358 |    592 |    348 |   2842 |   4 | 1237.5 |
           Zot |   5819 |   5338 |    481 |    814 |   2534 |   5 | 1163.8 |
         Trove |     47 |     47 |      0 |      0 |      5 |   1 |   47.0 |
         Sewer |    612 |    612 |      0 |      0 |    481 |   1 |  612.0 |
       Ossuary |    258 |    258 |      0 |      0 |     26 |   1 |  258.0 |
      Ice Cave |    942 |    942 |      0 |    215 |    339 |   1 |  942.0 |
               +--------+--------+--------+--------+--------+-----+--------+

Top non-repeatable levels by time:
   Elf:3: 2229 daAuts
   Zot:5: 2137 daAuts
    D:12: 1854 daAuts
Vaults:2: 1848 daAuts
Vaults:4: 1646 daAuts
Vaults:5: 1597 daAuts
 Crypt:1: 1573 daAuts
 Snake:3: 1556 daAuts
 Crypt:3: 1531 daAuts
 Crypt:2: 1482 daAuts
Depths:2: 1471 daAuts
   Zot:2: 1470 daAuts
    D:11: 1460 daAuts
     D:5: 1445 daAuts
Depths:3: 1390 daAuts
